AoeStats
← WolfAtic

Nomad

510488331Analyzed
4v4 RM · 12h ago on Oct 1, 2026· 21m 17s· 8 players
Game mode
Random Map
Map size
231×231
Population
200
Speed
Normal
Resources
Standard
Victory
Conquest
Starting age
Dark Age
Ending age
Imperial Age
RankedLock teamsTeams togetherTeam positionsShared explorationLock speedFull tech treeHidden civsTurbo modeCheats
Victory
Defeat
🇨🇳 Goths · China
1193
+15
🇦🇷 Khmer · Argentina
1173
+15
🇦🇷 Vietnamese · Argentina
1173
+15
🇨🇳 Koreans · China
1108
+19
🇨🇳 Danes · China
1181
-16
🇨🇳 Bohemians · China
1155
-16
🇳🇴 Varangians · Norway
1150
-16
🇰🇬 Britons · Kyrgyzstan
1150
-16
lxc
4:55 Loom
14:47 Feudal Age
19:14 Castle Age
南门
3:03 Loom
WolfAtic
11:28 Loom
16:05 Feudal Age
21:15 Castle Age
19:28 Double-Bit Axe
19:24 Horse Collar
19:26 Fishing Lines
20:20 Stone Mining
20:20 Gold Mining
Te0n
9:49 Loom
14:45 Feudal Age
16:46 Double-Bit Axe
17:52 Gold Mining
21:18 Castle Age
19:16 Stone Mining
19:52 Fishing Lines
21:30 Fletching
IGBBMN
10:52 Loom
14:08 Feudal Age
18:47 Castle Age
17:51 Town Watch
YOU B4STARD!
13:08 Feudal Age
13:00 Loom
13:41 Town Watch
1227255061
14:32 Feudal Age
17:04 Horse Collar
19:20 Double-Bit Axe
[RA] Chebyta
4:23 Loom
5:49 Loom
15:24 Feudal Age
21:52 Castle Age
20:11 Double-Bit Axe
20:11 Horse Collar
Connection lost

Rejoining the realm…

Still unreachable

The connection could not be restored.

Session expired

The server has moved on; the page needs a fresh start.